 Dungeon Crawl Stone Soup version 0.19-a0-496-g61814d3 (webtiles) character file.

349931 Arkorax the Warrior (level 21, -2/180 HPs)
             Began as a Demonspawn Gladiator on June 5, 2016.
             Was the Champion of Ashenzari.
             Slain by a deep troll earth mage (5 damage)
             ... on level 3 of the Depths.
             The game lasted 01:20:45 (42525 turns).

Arkorax the Warrior (Demonspawn Gladiator)         Turns: 42525, Time: 01:20:46

Health: -2/180     AC: 43    Str: 23    XL:     21   Next: 26%
Magic:  37/37      EV: 22    Int: 16    God:    Ashenzari [******]
Gold:   1797       SH:  0    Dex: 18    Spells: 3 memorised, 33 levels left

rFire  + + +     SeeInvis +     H - +7 lajatang (elec) (curse)
rCold  . . .     Gourm    .     G - +7 fire dragon armour (curse)
rNeg   . . .     Faith    .     (shield currently unavailable)
rPois  +         Spirit   .     S - +2 hat {Int+3} (curse)
rElec  .         Dismiss  .     j - +2 cloak (curse)
rCorr  .         Reflect  .     o - +0 pair of gloves {Str+3} (curse)
SustAt .         Harm     .     (boots unavailable)
MR     +....     Clarity  +     z - amulet of regeneration (curse)
Stlth  ..........               t - ring of poison resistance (curse)
                                A - ring of protection from fire (curse)

@: exhausted, slowed, very slow, somewhat resistant to hostile enchantments,
extremely unstealthy
A: antennae 1, talons 3, molten scales 3, blurry vision 1, clarity, cold
resistance 1, icemail, powered by death 2, strong 1, freezing cloud immunity,
MP-powered wands
a: Curse Item, Scrying, Transfer Knowledge, Renounce Religion
}: 2/15 runes: serpentine, abyssal


You were on level 3 of the Depths.
You worshipped Ashenzari.
Ashenzari was exalted by your worship.
You were hungry.

You visited 6 branches of the dungeon, and saw 37 of its levels.
You visited the Abyss 1 time.

You collected 3651 gold pieces.
You spent 1854 gold pieces at shops.

Inventory:

Hand Weapons
 H - a cursed +7 lajatang of electrocution (weapon)
Missiles
 h - 6 throwing nets (quivered)
Armour
 j - a cursed +2 cloak (worn)
 o - a cursed +0 pair of gloves of strength (worn)
 G - a cursed +7 fire dragon armour (worn)
 K - a cursed +2 pair of boots of running
 S - a cursed +2 hat of intelligence (worn)
Jewellery
 d - an uncursed amulet of rage
 p - an uncursed ring of stealth
 t - a cursed ring of poison resistance (right hand)
 v - an uncursed amulet of dismissal
 z - a cursed amulet of regeneration (around neck)
 A - a cursed ring of protection from fire (left hand)
 W - an uncursed ring of positive energy
Wands
 a - a wand of disintegration (0/24)
 g - a wand of paralysis (15/24)
 l - a wand of iceblast (9/15)
 n - a wand of teleportation (0/9)
 y - a wand of digging (3/24)
 J - a wand of confusion (23/48)
 R - a wand of iceblast (12/15)
Scrolls
 c - 19 scrolls of identify
 r - 7 scrolls of magic mapping
 s - 2 scrolls of recharging
 u - 12 scrolls of teleportation
 L - 6 scrolls of amnesia
 P - 4 scrolls of fear
 U - 4 scrolls of fog
Potions
 b - 3 potions of berserk rage
 e - 2 potions of flight
 m - a potion of invisibility
 q - 2 potions of ambrosia
 w - 2 potions of might
 C - 3 potions of cure mutation
 D - 3 potions of haste
 F - 3 potions of agility
 I - 2 potions of resistance
 M - 9 potions of curing
Books
 x - a book of Annihilations

   Spells                             Type                      Level
   a - Poison Arrow                   Conjuration/Poison           6
   b - Chain Lightning                Conjuration/Air              8
   c - Lehudib's Crystal Spear        Conjuration/Earth            8
   d - Glaciate                       Conjuration/Ice              9
   e - Fire Storm                     Conjuration/Fire             9
 E - a book of Minor Magic

   Spells                             Type                      Level
   a - Magic Dart                     Conjuration                  1
   b - Blink                          Translocation                2
   c - Call Imp                       Summoning                    2
   d - Repel Missiles                 Charms/Air                   2
   e - Slow                           Hexes                        2
   f - Conjure Flame                  Conjuration/Fire             3
   g - Mephitic Cloud                 Conjuration/Poison/Air       3
 N - a book of Fire

   Spells                             Type                      Level
   a - Ignite Poison                  Fire/Transmutation/Poison    3
   b - Fireball                       Conjuration/Fire             5
   c - Bolt of Fire                   Conjuration/Fire             6
   d - Delayed Fireball               Conjuration/Fire             7
   e - Ring of Flames                 Charms/Fire                  7
 Q - a book of Battle

   Spells                             Type                      Level
   a - Infusion                       Charms                       1
   b - Shroud of Golubria             Charms/Translocation         2
   c - Song of Slaying                Charms                       2
   d - Spectral Weapon                Hexes/Charms                 3
   e - Regeneration                   Charms/Necromancy            3
 V - a Necronomicon

   Spells                             Type                      Level
   a - Haunt                          Necromancy/Summoning         7
   b - Borgnjor's Revivification      Necromancy                   8
   c - Death's Door                   Charms/Necromancy            8
   d - Necromutation                  Transmutation/Necromancy     8
 Y - a book of Summonings

   Spells                             Type                      Level
   a - Recall                         Summoning/Translocation      3
   b - Aura of Abjuration             Summoning                    5
   c - Summon Demon                   Summoning                    5
   d - Summon Forest                  Summoning/Translocation      5
   e - Summon Mana Viper              Hexes/Summoning              5
   f - Shadow Creatures               Summoning                    6
 Z - a book of Clouds

   Spells                             Type                      Level
   a - Mephitic Cloud                 Conjuration/Poison/Air       3
   b - Conjure Flame                  Conjuration/Fire             3
   c - Poisonous Cloud                Conjuration/Poison/Air       6
   d - Freezing Cloud                 Conjuration/Ice/Air          6
   e - Ring of Flames                 Charms/Fire                  7
Comestibles
 f - 6 bread rations
 i - 5 meat rations
 k - 6 royal jellies
 B - 5 slices of pizza
 O - 5 beef jerkies
 X - 15 fruits


   Skills:
 - Level 19.2 Fighting
   Level 1.7(7.5) Polearms
 - Level 11.3(16.8) Staves
 - Level 1.7 Throwing
 - Level 14.9(18.9) Armour
 - Level 13.8(17.8) Dodging
 * Level 12.5 Spellcasting
 * Level 13.6(17.7) Summonings
 * Level 14.3(18.3) Necromancy


You had 33 spell levels left.
You knew the following spells:

 Your Spells              Type           Power        Failure   Level  Hunger
a - Song of Slaying       Chrm           ##......     17%         2    None
b - Spectral Weapon       Hex/Chrm       ##......     34%         3    None
c - Haunt                 Necr/Summ      ######....   10%         7    #######


Dungeon Overview and Level Annotations

Branches:
Dungeon (15/15)            Temple (0/1) D:6            Lair (8/8) D:9
 Shoals (0/4) Lair:3        Snake (4/4) Lair:6        Slime (0/6) Lair:6
    Orc (2/2) D:10            Elf (0/3) Orc:2        Vaults (5/5) D:13
  Crypt (0/3) Vaults:3     Depths (3/5) D:15

Altars:
Ashenzari
Hepliaklqana
Kikubaaqudgha
Makhleb
Nemelex Xobeh
Ru
Xom
Yredelemnul
Beogh
Jiyva

Shops:
D:7 [   D:10 }*   D:11 (!}*   D:12 (   D:13 !   Orc:1 ?   Orc:2 [(}[
Vaults:2 [   Vaults:3 *:

Portals:
Hell: Depths:1 Depths:2
Abyss: Depths:1 Depths:2
Pandemonium: Depths:1

Annotations:
D:4 Grinder
Depths:1 exclusion: orange crystal statue
Depths:3 Jory


Innate Abilities, Weirdness & Mutations

You have claws for feet.
You are completely covered in molten scales. (AC +4, EV -1, rF+)
Your flesh is cold resistant. (rC+)
A meltable icy envelope protects you from harm. (AC +10)
You regenerate health from kills.
You are immune to freezing clouds.
You have a pair of small antennae on your head.
Scrolls take you a little longer to read.
You possess an exceptional clarity of mind.
Your muscles are strong. (Str +2)
You expend magic power (3 MP) to strengthen your wands.


Message History

You see here a bolt.
Okay, then.
Okay, then.
Really read with blurry vision while enemies are nearby?
The deep troll earth mage bites you but does no damage.
The deep troll earth mage misses you.
The deep troll earth mage closely misses you.
The deep troll bites you.
* * * LOW HITPOINT WARNING * * *
The deep troll misses you. The deep troll barely misses you.
You begin reading the scroll.
You continue reading the scroll.
The deep troll earth mage closely misses you.
The deep troll earth mage claws you but does no damage. x2
The deep troll bites you but does no damage.
The deep troll claws you!
* * * LOW HITPOINT WARNING * * *
The deep troll barely misses you.
The deep troll earth mage completely misses you.
The deep troll earth mage misses you. The deep troll earth mage claws you.
You die...

..8..)(.T#..##
....(....%##.#
....Y.#......#
.######......# *
,...###...## *
.......#...##
#####.......## *,∆
',##....†.V###############
* {,*
#..♣.).cT@............# '
∆,
,,#.......T..)....÷<....# *
'* ,#...............).....#
,
,*∆,#...#####.#############
, , *##..,* ##(# * ,,
..#.,,* ## ,,#..#., * , ,
.#*∆ * ,,* ,, , , ,*


You could see Jory, a yaktaur captain, a deep troll and a deep troll earth mage.

Vanquished Creatures
  Mara (Vaults:3)
  A juggernaut (Depths:1)
  Boris (Depths:2)
  Margery (Vaults:4)
  Norris (Depths:2)
  Nikola (Vaults:3)
  the Enchantress (Depths:1)
  Xtahua (Vaults:2)
  A bone dragon (Vaults:2)
  Jorgrun (Vaults:2)
  A lich (Vaults:4)
  A hellephant (Abyss:3)
  Asterion (Vaults:3)
  2 Executioners (Abyss:3)
  A sphinx (Vaults:1)
  Gastronok (Lair:3)
  3 tentacled starspawn
  Kirke (D:14)
  2 fire giants
  6 greater nagas
  Maud (D:12)
  A frost giant (Depths:2)
  8 vault wardens
  Louise (Depths:1)
  A deep elf sorcerer (Vaults:2)
  3 spriggan defenders (Depths:1)
  A ghoul (Vaults:4)
  10 ironheart preservers
  9 stone giants
  13 very ugly things
  A caustic shrike skeleton (Depths:2)
  A vampire knight (Depths:1)
  A deep elf annihilator (Vaults:4)
  3 deep elf demonologists
  10 vault guards
  6 ettins
  2 deep elf death magi
  4 fire dragons
  The ghost of Starbucks the Cleaver, a journeyman MiFi of Okawaru (D:12)
  5 yaktaur captains
  2 great orbs of eyes
  2 rakshasas
  7 hydras
  18 naga warriors
  An entropy weaver (Depths:2)
  2 ice dragons
  The ghost of gitgud34 the Grappler, a journeyman VSMo of Yredelemnul (Lair:6)
  2 spriggan air magi
  12 centaur warriors
  Erolcha (D:8)
  9 anacondas
  A catoblepas (Lair:3)
  10 naga sharpshooters
  14 ogre magi
  8 deep troll earth magi
  6 deep troll shamans
  2 death knights
  3 death yaks
  3 tengu warriors
  3 spriggan berserkers (Depths:3)
  Urug (D:13)
  7 shock serpents
  A thrashing horror (Abyss:3)
  A wretched star (Abyss:3)
  2 storm dragon zombies
  4 deep elf knights
  10 hell knights
  3 skeletal warriors
  2 salamander mystics
  An iron troll (Depths:2)
  2 shadow wraiths
  A fire crab (shapeshifter) (D:13)
  A wizard (Depths:1)
  A deep troll (shapeshifter) (Vaults:2)
  17 deep trolls
  A giant orange brain (Depths:1)
  3 unseen horrors
  A giant orange brain (shapeshifter) (Depths:2)
  2 unseen horrors (shapeshifter) (Vaults:4)
  A lindwurm (Lair:8)
  2 flayed ghosts
  3 phantasmal warriors
  5 hill giants
  2 tengu zombies
  6 orc knights
  21 ironbrand convokers
  9 deep elf archers
  A harpy (shapeshifter) (Vaults:1)
  11 naga ritualists
  7 necromancers
  5 harpies (Vaults:4)
  8 mana vipers
  4 orc sorcerers
  A hornet (shapeshifter) (Vaults:3)
  26 ugly things
  2 wolf spiders
  A shining eye (shapeshifter) (Vaults:1)
  15 deep elf magi
  5 cyclopes
  3 worldbinders (Abyss:3)
  10 salamanders
  An oklob plant (Lair:3)
  2 griffons (Vaults:3)
  3 frost giant zombies
  2 sixfirhies
  2 human zombies (Vaults:1)
  18 slime creatures
  4 hornets
  2 manticores
  A stone giant skeleton (Vaults:3)
  A human skeleton (Vaults:3)
  2 guardian serpents
  6 vault sentinels
  39 black mambas
  Psyche (D:10)
  2 guardian serpents (shapeshifter)
  27 naga magi
  8 elephants
  Joseph (D:7)
  A fire giant skeleton (Depths:2)
  2 smoke demons
  2 spiny frogs (shapeshifter)
  2 torpor snails
  3 gargoyles
  A torpor snail (shapeshifter) (Depths:1)
  19 komodo dragons
  11 spiny frogs
  A yaktaur zombie (D:15)
  9 rime drakes
  A rime drake (shapeshifter) (D:13)
  A dire elephant skeleton (Abyss:3)
  27 yaktaurs
  A yaktaur (shapeshifter) (Vaults:2)
  An efreet (Abyss:3)
  2 kobold demonologists
  3 ancient zymes (Abyss:3)
  6 freezing wraiths
  5 tengu conjurers
  5 trolls
  2 polar bears
  A troll (shapeshifter) (Depths:1)
  A merfolk (Lair:3)
  31 two-headed ogres
  8 blink frogs
  An ettin zombie (D:15)
  9 large abominations (Abyss:3)
  A raiju (shapeshifter) (Vaults:3)
  11 raiju (Abyss:3)
  An ice dragon zombie (D:15)
  An alligator zombie (Abyss:3)
  8 boulder beetles
  Sigmund (D:4)
  2 air elementals (Depths:3)
  2 deep troll skeletons
  3 ynoxinuls (Abyss:3)
  A tarantella (Depths:2)
  A wraith (Vaults:4)
  2 spriggans (shapeshifter)
  2 wyverns
  30 yaks
  A vampire (Abyss:3)
  6 redbacks
  An ettin skeleton (Vaults:2)
  3 spriggans
  8 basilisks
  A steam dragon (D:12)
  A hog (shapeshifter) (Depths:2)
  2 hogs (D:14)
  Eustachio (D:3)
  27 vampire mosquitoes
  2 neqoxecs (Abyss:3)
  7 hippogriffs
  4 wargs
  Menkaure (D:4)
  A deep troll zombie (Vaults:2)
  7 mottled dragons
  A human simulacrum (Vaults:2)
  53 nagas
  A soldier ant (shapeshifter) (D:13)
  A swamp worm (Lair:8)
  3 hell hounds (Abyss:3)
  12 water moccasins
  18 porcupines
  A swamp drake (Lair:8)
  2 wasps
  8 ice beasts
  7 sky beasts
  15 orc warriors
  5 black bears
  3 phantoms
  12 starcursed masses (Abyss:3)
  6 boggarts
  60 ogres
  12 wolves
  A centaur (shapeshifter) (Vaults:2)
  16 centaurs
  A necrophage (D:10)
  22 crocodiles
  5 small abominations (Abyss:3)
  2 big kobolds (D:7)
  Blork the orc (D:4)
  15 giant frogs
  A wyvern zombie (D:12)
  A yaktaur skeleton (Vaults:1)
  2 scorpions
  A killer bee (D:13)
  12 wights
  2 electric eels
  5 howler monkeys
  6 crimson imps
  A quasit (D:14)
  4 centaur zombies
  11 orc priests
  2 giant frog skeletons
  4 hounds
  2 iron imps (Abyss:3)
  4 jellies
  19 orc wizards
  12 iguanas
  4 centaur skeletons
  2 hell rats (Lair:6)
  14 worker ants
  8 sheep (Lair:8)
  A hound skeleton (D:11)
  2 worker ant zombies
  7 gnolls
  16 adders
  A howler monkey skeleton (D:5)
  78 river rats
  4 shadow imps
  2 white imps (Abyss:3)
  An ooze (D:2)
  2 adder skeletons
  An adder zombie (D:9)
  A worm (D:3)
  2 dart slugs
  4 giant geckos
  75 orcs
  A ball python (D:4)
  A giant cockroach (D:2)
  12 goblins
  6 hobgoblins
  7 jackals
  15 kobolds
  5 quokkas
  4 bats
  2 giant gecko skeletons
  A giant gecko zombie (D:7)
  8 giant newts
  2 gnoll zombies (D:2)
  A jackal zombie (D:5)
  11 rats
  A fungus (Lair:8)
  A plant (Lair:3)
  A starspawn tentacle (Abyss:3)
1520 creatures vanquished.

Vanquished Creatures (collateral kills)
  An ogre mage (Vaults:3)
  An ironbrand convoker (Vaults:3)
  A vampire mosquito (Vaults:3)
3 creatures vanquished.

Vanquished Creatures (others)
  A sphinx (Vaults:3)
  A deep elf archer (Vaults:3)
  An ironbrand convoker (Vaults:3)
  A deep elf mage (Vaults:1)
  A naga mage (Snake:4)
  A naga (Snake:4)
  An orc warrior (Vaults:3)
  2 centaurs (Depths:2)
  12 fungi
  19 plants
  6 starspawn tentacles
  59 starspawn tentacle segments (Abyss:3)
  2 withered plants (D:15)
107 creatures vanquished.

Grand Total: 1630 creatures vanquished

Notes
Turn   | Place    | Note
--------------------------------------------------------------
     0 | D:1      | Arkorax the Demonspawn Gladiator began the quest for the Orb.
     0 | D:1      | Reached XP level 1. HP: 16/16 MP: 1/1
   168 | D:1      | Gained mutation: You have sharp toenails. [demonic ancestry]
   168 | D:1      | Reached XP level 2. HP: 18/23 MP: 2/2
   733 | D:2      | Found a shattered altar of Ashenzari.
   761 | D:2      | Gained mutation: You regenerate a little health from kills. [demonic ancestry]
   761 | D:2      | Reached XP level 3. HP: 28/28 MP: 3/3
  1053 | D:2      | Reached skill level 1 in Armour
  1109 | D:1      | Reached skill level 3 in Fighting
  1245 | D:2      | Reached XP level 4. HP: 12/35 MP: 4/4
  2001 | D:2      | Became a worshipper of Ashenzari the Shackled
  2245 | D:3      | Reached XP level 5. HP: 28/41 MP: 5/5
  2372 | D:3      | Reached skill level 4 in Fighting
  3617 | D:4      | Noticed a phantom
  3675 | D:4      | Killed a phantom
  3675 | D:4      | Reached XP level 6. HP: 22/49 MP: 6/6
  3840 | D:4      | Noticed Blork the orc
  3870 | D:4      | HP: 2/73 [something (5)]
  3871 | D:4      | Killed Blork the orc
  4340 | D:4      | Reached skill level 5 in Fighting
  4348 | D:4      | Reached skill level 5 in Polearms
  4348 | D:4      | Gained mutation: You are partially covered in molten scales. (AC +1) [demonic ancestry]
  4348 | D:4      | Reached XP level 7. HP: 19/56 MP: 7/7
  5015 | D:4      | Noticed Eustachio
  5019 | D:4      | Gained mutation: Scrolls take you a little longer to read. [potion of mutation]
  5019 | D:4      | Gained mutation: You possess an exceptional clarity of mind. [potion of mutation]
  5019 | D:4      | Gained mutation: You have a pair of small antennae on your head. [potion of mutation]
  5020 | D:4      | Gained mutation: Your muscles are strong. (Str +2) [potion of beneficial mutation]
  5781 | D:2      | Found a basalt altar of Yredelemnul.
  6037 | D:4      | Noticed Grinder
  6041 | D:4      | Paralysed by Grinder for 7 turns
  7427 | D:3      | Killed Eustachio
  7674 | D:3      | Reached skill level 6 in Fighting
  7755 | D:3      | Got the quarterstaff of Bread {flame, rC+ MR+ MP+9}
  7756 | D:3      | Identified the +9 quarterstaff of Bread {flame, rC+ MR+ MP+9} (You took it off a goblin on level 3 of the Dungeon)
  7881 | D:4      | Noticed Menkaure
  7886 | D:4      | Killed Menkaure
  7886 | D:4      | Reached skill level 1 in Staves
  7886 | D:4      | Gained mutation: You regenerate health from kills. [demonic ancestry]
  7886 | D:4      | Reached XP level 8. HP: 62/64 MP: 8/8
  8096 | D:4      | Noticed Sigmund
  8109 | D:4      | Killed Sigmund
  8266 | D:4      | Found a burning altar of Makhleb.
  8267 | D:4      | Found a shimmering altar of Xom.
  8509 | D:5      | Entered Level 5 of the Dungeon
  8589 | D:5      | Reached skill level 7 in Fighting
  8810 | D:5      | Reached * piety under Ashenzari
  8861 | D:5      | Found a sacrificial altar of Ru.
  9466 | D:6      | Found a staircase to the Ecumenical Temple.
  9757 | D:6      | Gained mutation: Your flesh is cold resistant. (rC+) [demonic ancestry]
  9757 | D:6      | Reached XP level 9. HP: 74/74 MP: 9/9
  9871 | D:6      | Reached skill level 8 in Fighting
 10162 | D:7      | Found Con Vuho's Antique Armour Shoppe.
 10222 | D:7      | Bought a transparent leather armour for 175 gold pieces
 10232 | D:7      | Identified the +3 leather armour "Leiwn" {rElec} (You bought it in a shop on level 7 of the Dungeon)
 10267 | D:7      | Reached skill level 5 in Staves
 10271 | D:7      | Noticed Joseph
 10287 | D:7      | Killed Joseph
 10287 | D:7      | Reached skill level 5 in Armour
 10463 | D:7      | Reached skill level 9 in Fighting
 10647 | D:8      | Reached ** piety under Ashenzari
 10828 | D:8      | Noticed Erolcha
 10841 | D:8      | Killed Erolcha
 10841 | D:8      | Reached XP level 10. HP: 83/83 MP: 10/10
 11774 | D:9      | Reached skill level 10 in Fighting
 11953 | D:9      | Found a staircase to the Lair.
 12392 | D:10     | Entered Level 10 of the Dungeon
 12392 | D:10     | Found Ecib's Gadget Shop.
 12448 | D:10     | Noticed Psyche
 12454 | D:10     | Killed Psyche
 12514 | D:10     | Reached *** piety under Ashenzari
 12578 | D:10     | Noticed a gargoyle
 12586 | D:10     | Killed a gargoyle
 12673 | D:10     | Found a staircase to the Orcish Mines.
 12682 | D:10     | Identified the +5 greatsling "Doqekh" {velocity, rPois Str-5 Int+3}
 12859 | D:10     | Found Rale's Demolitions Depot.
 12923 | D:10     | Got the uncursed leather armour of the Harvest {+Blink Str+3}
 12934 | D:10     | Identified the +3 leather armour of the Harvest {+Blink Str+3} (You found it on level 10 of the Dungeon)
 13279 | D:11     | Reached skill level 11 in Fighting
 13294 | D:11     | Noticed a manticore
 13307 | D:11     | Killed a manticore
 13307 | D:11     | Reached XP level 11. HP: 42/93 MP: 11/11
 13651 | D:11     | Found Ulexzonu's Distillery.
 13661 | D:11     | Bought a potion of heal wounds for 65 gold pieces
 13689 | D:11     | Found Kolerphir's Gadget Shoppe.
 13783 | D:11     | Noticed a six-headed hydra
 13791 | D:11     | Killed a six-headed hydra
 14056 | D:11     | Found Noilua's General Store.
 14164 | D:11     | Found Oquon's Antique Weapon Emporium.
 14491 | Lair:1   | Entered Level 1 of the Lair of Beasts
 14724 | Lair:1   | Reached skill level 12 in Fighting
 15057 | Lair:1   | Reached **** piety under Ashenzari
 15287 | Lair:2   | Noticed a six-headed hydra
 15296 | Lair:1   | Killed a six-headed hydra
 15422 | Lair:2   | Reached skill level 10 in Staves
 15476 | Lair:2   | Noticed an eight-headed hydra
 15486 | Lair:2   | Killed an eight-headed hydra
 15486 | Lair:2   | Reached XP level 12. HP: 36/103 MP: 12/12
 16057 | Lair:3   | Noticed Gastronok
 16073 | Lair:3   | Killed Gastronok
 16073 | Lair:3   | Reached skill level 13 in Fighting
 16484 | Lair:3   | Found a staircase to the Shoals.
 16600 | Lair:3   | Identified the cursed +1 robe of the Ecumenical Temple {rC+ MR+ Stlth+}
 16884 | Lair:3   | Noticed a catoblepas
 16903 | Lair:3   | Killed a catoblepas
 17303 | Lair:4   | Reached ***** piety under Ashenzari
 17812 | Lair:5   | Reached skill level 14 in Fighting
 18006 | Lair:5   | Noticed a four-headed hydra
 18017 | Lair:5   | Killed a four-headed hydra
 18017 | Lair:5   | Reduced skill Polearms to level 1
 18107 | Lair:5   | Reached skill level 5 in Dodging
 18323 | Lair:6   | Found a staircase to the Slime Pits.
 18323 | Lair:6   | Found a viscous altar of Jiyva.
 18398 | Lair:6   | Noticed gitgud34's ghost (journeyman VSMo)
 18429 | Lair:6   | Killed gitgud34's ghost
 18429 | Lair:6   | Gained mutation: You have razor-sharp toenails. [demonic ancestry]
 18429 | Lair:6   | Reached XP level 13. HP: 62/114 MP: 13/13
 18552 | Lair:6   | Found a staircase to the Snake Pit.
 19153 | Lair:7   | Reached skill level 15 in Fighting
 19323 | Lair:7   | Learned a level 2 spell: Song of Slaying
 19327 | Lair:7   | Learned a level 3 spell: Spectral Weapon
 19993 | Lair:8   | Entered Level 8 of the Lair of Beasts
 20473 | Lair:8   | Reached skill level 10 in Armour
 20751 | Lair:8   | Reached XP level 14. HP: 104/124 MP: 14/14
 21290 | Lair:8   | Identified the +2 scale mail of Dyspraxia {rCorr Int+2}
 21353 | Lair:8   | Reached skill level 16 in Fighting
 21895 | D:12     | Noticed Starbucks's ghost (journeyman MiFi)
 21904 | D:12     | Killed Starbucks's ghost
 21984 | D:12     | Found Tuazxon's Antique Weapon Boutique.
 22713 | D:13     | Noticed Urug
 22723 | D:13     | Killed Urug
 22888 | D:13     | Noticed Maud
 23033 | D:12     | Killed Maud
 23084 | D:13     | Found Axibosil's Distillery.
 23172 | D:13     | Found a gate to the Vaults.
 23606 | D:14     | Noticed Kirke
 23613 | D:14     | Killed Kirke
 24395 | D:14     | Learned a level 7 spell: Haunt
 24420 | D:15     | Entered Level 15 of the Dungeon
 24420 | D:15     | Identified the +5 quarterstaff "Luiniefu" {vamp, Str+2}
 24510 | D:15     | Reached skill level 10 in Dodging
 24549 | D:15     | Gained mutation: You are immune to freezing clouds. [demonic ancestry]
 24549 | D:15     | Reached XP level 15. HP: 132/133 MP: 15/15
 24554 | D:15     | Found a staircase to the Depths.
 24573 | D:15     | Identified a scroll of acquirement
 24745 | D:15     | Found a hazy altar of Hepliaklqana.
 24969 | Orc:1    | Entered Level 1 of the Orcish Mines
 25089 | Orc:1    | Reached ****** piety under Ashenzari
 25271 | Orc:1    | Found Jozialog's Magic Scroll Shoppe.
 25292 | Orc:1    | Bought a scroll of acquirement for 728 gold pieces
 25349 | Orc:2    | Entered Level 2 of the Orcish Mines
 25365 | Orc:2    | Found a roughly hewn altar of Beogh.
 25456 | Orc:2    | Reached skill level 17 in Fighting
 25558 | Orc:2    | Found Ypaitu's Antique Weapon Boutique.
 25558 | Orc:2    | Found Gaiqanty's Antique Armour Shoppe.
 25559 | Orc:2    | Found Buod's Armour Emporium.
 25559 | Orc:2    | Found Borhurul's Gadget Boutique.
 25566 | Orc:2    | Bought a runed lajatang for 375 gold pieces
 25569 | Orc:2    | Bought a +1 pair of boots of running for 511 gold pieces
 25668 | Orc:2    | Found a staircase to the Elven Halls.
 26194 | Snake:1  | Entered Level 1 of the Snake Pit
 27115 | Snake:2  | Noticed a greater naga
 27129 | Snake:2  | Killed a greater naga
 27352 | Snake:2  | Reached XP level 16. HP: 86/143 MP: 16/16
 28499 | Snake:3  | Reached skill level 18 in Fighting
 29074 | Snake:4  | Entered Level 4 of the Snake Pit
 30711 | Snake:4  | Gained mutation: You are mostly covered in molten scales. (AC +3, EV -1) [demonic ancestry]
 30711 | Snake:4  | Reached XP level 17. HP: 81/151 MP: 17/17
 31332 | Snake:4  | Got a serpentine rune of Zot
 31663 | Vaults:1 | Entered Level 1 of the Vaults
 31774 | Vaults:1 | Identified the +2 pair of gloves "Reenotasm" {rF++ MP+9 Str-5}
 31980 | Vaults:1 | Reached skill level 19 in Fighting
 32818 | Vaults:1 | Identified the +7 chain mail of Fun {Int+5}
 32958 | Vaults:1 | Reached skill level 1 in Necromancy
 32982 | Vaults:1 | Reached skill level 1 in Summonings
 33012 | Vaults:1 | Reached skill level 1 in Spellcasting
 33365 | Vaults:2 | Noticed Xtahua
 33373 | Vaults:2 | Killed Xtahua
 34012 | Vaults:2 | Reached XP level 18. HP: 160/160 MP: 23/23
 34166 | Vaults:2 | Noticed Jorgrun
 34166 | Vaults:2 | Noticed an Ice Fiend
 34223 | Vaults:2 | Reached skill level 5 in Necromancy
 34229 | Vaults:2 | Cast into level 2 of the Abyss (a deep elf demonologist)
 34406 | Abyss:3  | Reached skill level 5 in Summonings
 34534 | Abyss:3  | Noticed a hellephant
 34560 | Abyss:3  | Killed a hellephant
 34675 | Abyss:3  | Reached skill level 5 in Spellcasting
 34806 | Abyss:3  | Paralysed by accursed screaming for 1 turns
 34819 | Abyss:3  | Paralysed by accursed screaming for 1 turns
 34929 | Abyss:3  | Got an abyssal rune of Zot
 34934 | Abyss:3  | Gained mutation: You expend magic power (3 MP) to strengthen your wands. [a cacodemon]
 35322 | Abyss:3  | Noticed a bone dragon
 35328 | Vaults:2 | Escaped the Abyss
 35502 | Vaults:2 | Killed Jorgrun
 35873 | Vaults:2 | Found Cicvakk's Armour Shoppe.
 35995 | Vaults:2 | Killed a bone dragon
 36390 | Vaults:3 | Noticed Mara
 36502 | Vaults:3 | Noticed Arkorax's illusion
 36514 | Vaults:3 | Killed Mara
 36514 | Vaults:3 | Gained mutation: A meltable icy envelope protects you from harm. (AC +10) [demonic ancestry]
 36514 | Vaults:3 | Reached XP level 19. HP: 115/167 MP: 30/30
 36571 | Vaults:3 | Noticed Nikola
 37364 | Vaults:3 | Noticed Asterion
 37376 | Vaults:3 | Killed Asterion
 37376 | Vaults:3 | Reached skill level 10 in Necromancy
 37482 | Vaults:3 | Killed Nikola
 37501 | Vaults:3 | Found Loacud's Assorted Antiques.
 37585 | Vaults:3 | Reached skill level 10 in Summonings
 37608 | Vaults:3 | Found Acith's Book Emporium.
 37700 | Vaults:3 | Found a staircase to the Crypt.
 37700 | Vaults:3 | Found an ancient bone altar of Kikubaaqudgha.
 37701 | Vaults:3 | Found a basalt altar of Yredelemnul.
 38844 | Vaults:4 | Noticed Margery
 38857 | Vaults:4 | Killed Margery
 38857 | Vaults:4 | Reached skill level 10 in Spellcasting
 39038 | Vaults:4 | Gained mutation: You are completely covered in molten scales. (AC +4, EV -1, rF+) [demonic ancestry]
 39038 | Vaults:4 | Reached XP level 20. HP: 174/174 MP: 34/34
 39341 | Vaults:5 | Entered Level 5 of the Vaults
 39532 | Depths:1 | Entered Level 1 of the Depths
 39736 | Depths:1 | Found a one-way gate leading to the halls of Pandemonium.
 39815 | Depths:1 | Found a gateway to Hell.
 39822 | Depths:1 | Noticed the Enchantress
 39902 | Depths:1 | Paralysed by an ogre mage for 5 turns
 40026 | Depths:1 | Found a sparkling altar of Nemelex Xobeh.
 40060 | Depths:1 | Killed the Enchantress
 40060 | Depths:1 | Identified the +0 faerie dragon armour {Dex+5 Slay+2} (You took it off the Enchantress on level 1 of the Depths)
 40087 | Depths:1 | Found a one-way gate to the infinite horrors of the Abyss.
 40089 | Depths:1 | Noticed Louise
 40101 | Depths:1 | Killed Louise
 40121 | Depths:1 | Paralysed by a vampire knight for 4 turns
 40333 | Depths:2 | Noticed a juggernaut
 40591 | Depths:1 | Killed a juggernaut
 40814 | Depths:2 | Noticed Norris
 40828 | Depths:2 | Killed Norris
 41793 | Depths:2 | Gained mutation: You have claws for feet. [demonic ancestry]
 41793 | Depths:2 | Reached XP level 21. HP: 87/180 MP: 37/37
 42112 | Depths:3 | Noticed Boris
 42145 | Depths:2 | Killed Boris
 42515 | Depths:3 | Noticed Jory
 42525 | Depths:3 | HP: 3/180 [deep troll (13)]
 42525 | Depths:3 | Slain by a deep troll earth mage

Vault maps used:
D:1:      lemuel_arrival_river_ford
D:2:      lemuel_zombie_altar_yredelemnul, first_bread,
          roderic_ancient_swastika, nicolae_ashenzari_panopticon
D:4:      grunt_temple_overflow_champion_of_chaos, uniq_blork_the_orc,
          uniq_menkaure, uniq_sigmund, uniq_eustachio, uniq_grinder
D:5:      nicolae_ru_sacrificial_ziggurat, st_stairs_14
D:6:      minmay_temple_entry_poolview
D:7:      serial_shops, shop, the_bakery, grunt_ministairs_15,
          corexii_leaking_fountain, uniq_joseph
D:8:      uniq_erolcha
D:9:      lair_0_dummy, grunt_ministairs_3
D:10:     orc_0_dummy, serial_shops, shop_coins, nicolae_blasting_shop,
          uniq_psyche
D:11:     serial_shops, nicolae_shop_waterfront, shop_statue, shop, shop
D:12:     serial_shops, shop
D:13:     kennysheep_blocky_hall, david_vaults_2, serial_shops, shop, uniq_urug,
          uniq_maud
D:14:     serial_bayou_shore_b, eino_jars, uniq_kirke
D:15:     gammafunk_depths_entry_grave, basic_altar
Lair:1:   fungi_pond_lemuel, cheibrodos_lair_caveside_slide,
          nicolae_quartered_pool_medium
Lair:2:   beast_lair_carwin_11
Lair:3:   minmay_lair_oklob_items, elwin_shoals_entry_rooms, uniq_gastronok
Lair:4:   serial_bayou_pond_c
Lair:5:   grunt_megastairs_1, lemuel_fruit_fields
Lair:6:   kennysheep_rathole, guppyfry_snake_entry_island, slime_altar_1
Lair:7:   serial_bayou_shore_a
Lair:8:   guppyfry_lair_end_dragon, hangedman_lair_in_review,
          lemuel_fruit_fields
Snake:2:  statue_in_the_mist_lemuel
Snake:3:  nicolae_snake_serpentine_hallways
Snake:4:  snake_pit, grunt_megastairs_3
Orc:1:    serial_shops, shop
Orc:2:    st_orc_ogre_mass, basic_altar
Vaults:1: nicolae_vaults_network_square, nicolae_vaults_yaktaur_gun_rack,
          vaults_room_corners, v_misc_9, v_rooms_1, hangedman_vaults_capsules,
          nicolae_vaults_little_squares_6, vaults_dpeg_diagonal
Vaults:2: v_misc_18, ontoclasm_vaults_loading_screen,
          nicolae_vaults_circle_grid_b, v_misc_3, grunt_vaults_focal,
          nicolae_vaults_little_squares_4, ontoclasm_vaults_ring_small,
          serial_shops, shop, uniq_jorgrun, uniq_xtahua
Vaults:3: vaults_room_mumra_shop_pool, v_alt_pattern_1, v_misc_5,
          vaults_standard_mumra_lines, nicolae_vaults_little_squares_5,
          v_alt_pattern_2, hangedman_vaults_stitches, ontoclasm_vaults_tryst,
          minmay_crypt_entry_necro_gods, ontoclasm_vaults_ring_small,
          v_pattern_1, hangedman_vaults_maws, nicolae_vaults_asterisk,
          nicolae_vaults_little_squares_6, serial_shops, shop, uniq_mara,
          uniq_asterion, uniq_nikola
Vaults:4: v_misc_12, vaults_room_pool, nicolae_vaults_circle_grid_b,
          vaults_room_pool, v_rooms_3, vaults_room_semicircle, v_rooms_4,
          v_misc_32, hangedman_vaults_nails, vaults_room_fours, v_misc_15,
          nicolae_vaults_little_squares_4, uniq_margery
Depths:1: hangedman_coc_ice_floe, pan_entry,
          nicolae_abyss_entry_one_way_or_another, minivault_16, spider_trap,
          grunt_ministairs_3, nemelex_deck, uniq_enchantress
Depths:2: kennysheep_room_grid, abyss_entry_crystal, hell_entry,
          grunt_megastairs_4, uniq_norris
Depths:3: grunt_twist_and_shout, enter_ziggurat_a, hell_entry,
          rand_demon_pan_entry_5, nicolae_lava_and_water, uniq_boris, uniq_jory
Abyss:3:  serial_sigils_hangedman_gut, grunt_abyss_rune_forest_and_sorcery,
          evilmike_abyss_exit_5

Skill      XL: |  1  2  3  4  5  6  7  8  9 10 11 12 13 14 15 16 17 18 19 20 21 |
---------------+----------------------------------------------------------------+-----
Polearms       | 3 4 5 1 |  1.7
Armour         | 1 2 3 4 5 6 7 8 10 11 13 14 | 14.9
Fighting       | 3 4 5 6 7 9 11 12 14 15 16 17 18 19 | 19.2
Staves         | 1 4 6 8 10 11 | 11.3
Dodging        | 5 8 10 11 13 | 13.8
Necromancy     | 4 9 11 13 14 | 14.3
Summonings     | 4 8 11 13 | 13.6
Spellcasting   | 3 7 10 12 | 12.5
Throwing       | |  1.7

Action                   |  1- 3 |  4- 6 |  7- 9 | 10-12 | 13-15 | 16-18 | 19-21 || total
-------------------------+-------+-------+-------+-------+-------+-------+-------++-------
Melee: Trident           |   121 |   241 |   173 |       |       |       |       ||   535
       Kick              |    20 |    68 |    48 |       |       |       |    71 ||   207
       Quarterstaff      |       |       |   221 |   636 |  1174 |       |       ||  2031
       Lajatang          |       |       |       |       |   343 |  1693 |  1445 ||  3481
Throw: Throwing net      |       |     4 |     5 |       |       |       |       ||     9
 Cast: Haunt             |       |       |       |       |       |       |     4 ||     4
Invok: Curse Item        |       |     1 |     2 |     3 |     3 |     2 |     1 ||    12
       Transfer Knowledg |       |       |       |     1 |       |       |       ||     1
       Scrying           |       |       |       |       |     2 |     1 |     1 ||     4
Evoke: Wand              |       |       |       |       |    11 |     7 |     3 ||    21
  Use: Potion            |       |     4 |     4 |     1 |     1 |     7 |    12 ||    29
       Scroll            |       |       |     9 |     5 |    24 |    14 |     7 ||    59
 Stab: Sleeping          |     1 |     4 |     8 |    12 |     2 |       |       ||    27
       Held in net/web   |       |     1 |     1 |       |       |       |       ||     2
       Distracted        |       |       |     1 |     1 |       |       |     1 ||     3
  Eat: Chunk             |     1 |     1 |     3 |     6 |    10 |     6 |     4 ||    31
       Bread ration      |       |     3 |     1 |     5 |     2 |     4 |     1 ||    16
       Meat ration       |       |       |     2 |       |     1 |     2 |     1 ||     6
       Pizza             |       |       |       |       |     2 |       |       ||     2
       Fruit             |       |       |       |       |       |       |     7 ||     7
Armor: Leather armour    |    31 |    53 |   164 |   147 |    99 |       |       ||   494
       Skin              |       |     7 |     9 |       |       |       |       ||    16
       Fire dragon armou |       |       |       |       |   289 |   849 |   794 ||  1932
Dodge: Dodged            |    69 |    94 |   234 |   302 |  1056 |  1544 |  1431 ||  4730
